 Dungeon Crawl Stone Soup version 0.21-a0-58-g625dad4 (webtiles) character file.

254 Manul the Skirmisher (level 5, -4/42 HPs)
             Began as a Mummy Fighter on June 16, 2017.
             Was an Initiate of Okawaru.
             Slain by a mummy (15 damage)
             ... in an ossuary.
             The game lasted 00:03:49 (2896 turns).

Manul the Skirmisher (Mummy Fighter)                Turns: 2896, Time: 00:03:49

Health: -4/42      AC:  7    Str: 21    XL:     5   Next: 91%
Magic:  5/5        EV:  8    Int: 10    God:    Okawaru [......]
Gold:   88         SH:  9    Dex: 11    Spells: 4/4 levels left

rFire    x . .     SeeInvis .   a - +1 flail
rCold    + . .     Gourm    .   c - +0 shield
rNeg     + + +     Faith    .   b - +0 scale mail
rPois    ∞         Spirit   .   p - +0 hat
rElec    .         Reflect  .   k - scarf {repulsion}
rCorr    .         Harm     .   (no gloves)
MR       .....                  f - +0 pair of boots
Stlth    ..........             (no amulet)
HPRegen  0.14/turn              g - +3 ring of intelligence
MPRegen  0.09/turn              (no ring)

@: repel missiles
A: no food or potions, fire vulnerability, cold resistance 1, negative energy
resistance 3, torment resistance, unbreathing
a: Renounce Religion


You were in an ossuary.
You worshipped Okawaru.
Okawaru was noncommittal.
You were not hungry.

You visited 1 branch of the dungeon, and saw 4 of its levels.
You also visited: Ossuary.

You collected 88 gold pieces.

Inventory:

Hand Weapons
 a - a +1 flail (weapon)
Armour
 b - a +0 scale mail (worn)
 c - a +0 shield (worn)
 f - a +0 pair of boots (worn)
 j - a +1 leather armour of poison resistance
 k - a scarf of repulsion (worn)
 p - a +0 hat (worn)
Jewellery
 g - a +3 ring of intelligence (left hand)
 o - an uncursed amulet of regeneration {unknown}
Wands
 e - a wand of iceblast (3/15)
 n - a wand of disintegration (5/24)
Scrolls
 d - 2 scrolls of teleportation
 h - 2 scrolls of blinking {unknown}
 i - a scroll of remove curse
 l - a scroll of identify {unknown}
 m - a scroll of amnesia {unknown}


   Skills:
 + Level 3.8 Fighting
 + Level 3.2 Maces & Flails
 + Level 3.1 Armour
 + Level 1.3 Dodging
 + Level 3.2 Shields


You had 4 spell levels left.
You didn't know any spells.

Dungeon Overview and Level Annotations

Branches:
Dungeon (4/15)
 Temple: D:4-7

Altars:
Ashenzari
Makhleb
Okawaru
Trog
Xom
Yredelemnul


Innate Abilities, Weirdness & Mutations

You do not eat or drink.
Your flesh is vulnerable to fire.
You are immune to poison.
Your flesh is cold resistant. (rC+)
You are immune to negative energy. (rN+++)
You are immune to unholy pain and torment.
You can survive without breathing.


Message History

You feel strangely unstable. You block the gnoll zombie's attack.
The elf zombie hits you.
* * * LOW HITPOINT WARNING * * *
The human zombie hits you but does no damage.
You sock the human zombie!
The human zombie is moderately damaged.
The gnoll zombie hits you but does no damage.
You block the human zombie's attack.
The elf zombie hits you but does no damage.
You hit the human zombie.
The human zombie is moderately damaged.
Your surroundings suddenly seem different.
Found four items.
A mummy comes into view.
Found a gate leading back out of this place.
The mummy misses you.
You thump the mummy!
The mummy is heavily damaged.
The mummy hits you!
You die...

................ ..#
................ ..#
................ ..#
................ ..#
.....∩∩......... .∩#
................##..#
.................#..#
....................#
.............##.@...#
............. #.M...#
....................#
....................#
...#####.........#+##
...... .........#?)#
.....∩ ........#$)#
####### ###########


You could see a mummy.

Vanquished Creatures
  A scorpion (D:4)
  An orc priest (D:3)
  A hound zombie (Ossuary)
  A mummy (Ossuary)
  5 adders
  4 oozes
  4 worms
  4 dart slugs
  3 leopard geckos
  3 orcs (D:3)
  2 giant cockroaches (D:1)
  10 goblins
  6 hobgoblins
  3 quokkas
  5 bats
  3 frilled lizards
  10 kobolds
  8 rats
74 creatures vanquished.

Vanquished Creatures (others)
  A goblin zombie (Ossuary)
1 creature vanquished.

Grand Total: 75 creatures vanquished

Notes
Turn   | Place    | Note
-------+----------+-------------------------------------------
     0 | D:1      | Manul the Mummy Fighter began the quest for the Orb.
     0 | D:1      | Reached XP level 1. HP: 18/18 MP: 1/1
   378 | D:1      | Found a shattered altar of Ashenzari.
   396 | D:1      | Reached XP level 2. HP: 24/24 MP: 2/2
   465 | D:1      | Reached XP level 3. HP: 20/29 MP: 3/3
  1302 | D:2      | Found a basalt altar of Yredelemnul.
  1330 | D:2      | Reached XP level 4. HP: 25/35 MP: 4/4
  1606 | D:2      | Reached skill level 1 in Dodging
  1930 | D:2      | Found a bloodstained altar of Trog.
  2116 | D:3      | Reached XP level 5. HP: 36/42 MP: 5/5
  2200 | D:3      | Found an iron altar of Okawaru.
  2208 | D:3      | Became a worshipper of Warmaster Okawaru
  2489 | D:3      | Found a shimmering altar of Xom.
  2490 | D:3      | Found a burning altar of Makhleb.
  2745 | D:4      | Found a sand-covered staircase.
  2865 | Ossuary  | Entered an ossuary
  2896 | Ossuary  | Slain by a mummy

Vault maps used:
D:1:      sevenhm_arrival_forest_fort_small_3, evilmike_ruin_ashenzari
D:2:      lemuel_crystal_altar, marbit_many_paths, first_bread
D:3:      grunt_temple_overflow_champion_of_chaos,
          lemuel_coloured_pillars_altar, fiery_altar_vehumet,
          kennysheep_okawaru_gauntlet, portal_sewer_entry_b, serial_park_tiny_2
D:4:      nemelex_xobeh_ov_fountains_minmay, serial_shops, shop, enter_ossuary_1
Ossuary:  ossuary_minmay_tomb_2a

Skill      XL: |  1  2  3  4  5 |
---------------+----------------+-----
Maces & Flails | 2 3 |  3.2
Dodging        | 1 |  1.3
Shields        | 3 |  3.2
Armour         | 3 |  3.1
Fighting       | |  3.8

Action                   |  1- 3 |  4- 6 || total
-------------------------+-------+-------++-------
Melee: Flail             |   153 |   236 ||   389
  Use: Scroll            |     1 |     4 ||     5
Armor: Scale mail        |    81 |   132 ||   213
Dodge: Dodged            |    50 |    65 ||   115
       Deflected         |       |     1 ||     1
Block: Shield            |    68 |   153 ||   221
